[ AOE2 MATCH · #484390647 ]
UnrankedBritons vs Persians
[ REPLAY ANALYSIS · EXTRACTED FROM THE RECORDED GAME ]
Feudal
8:25
Castle
22:58
Imperial
—
| APM avg | 70.9 |
| APM peak | 128 |
| eAPM avg | 25.7 |
| Villagers / military | 85 / 50 |
Focus
⚔️ 40.3% · 🌾 59.7%
Archer ×49 · Mangonel ×1
Feudal
8:25
Castle
25:03
Imperial
—
| APM avg | 65.3 |
| APM peak | 94 |
| eAPM avg | 28.0 |
| Villagers / military | 85 / 58 |
Focus
⚔️ 51.5% · 🌾 48.5%
Knight ×30 · Scout Cavalry ×28
Feudal
8:57
Castle
21:51
Imperial
—
| APM avg | 58.1 |
| APM peak | 85 |
| eAPM avg | 20.9 |
| Villagers / military | 109 / 59 |
Focus
⚔️ 41.3% · 🌾 58.7%
Knight ×33 · Scout Cavalry ×26
Feudal
8:51
Castle
22:42
Imperial
—
| APM avg | 64.1 |
| APM peak | 99 |
| eAPM avg | 28.0 |
| Villagers / military | 92 / 54 |
Focus
⚔️ 46.1% · 🌾 53.9%
Knight ×38 · Scout Cavalry ×16
Feudal
8:52
Castle
21:28
Imperial
—
| APM avg | 70.8 |
| APM peak | 137 |
| eAPM avg | 31.1 |
| Villagers / military | 69 / 103 |
Focus
⚔️ 41.6% · 🌾 58.4%
Skirmisher ×83 · Spearman ×20
Feudal
8:41
Castle
26:16
Imperial
—
| APM avg | 56.7 |
| APM peak | 105 |
| eAPM avg | 27.2 |
| Villagers / military | 90 / 81 |
Focus
⚔️ 51.2% · 🌾 48.8%
Scout Cavalry ×66 · Knight ×14 · Battle Elephant ×1
Feudal
8:34
Castle
23:29
Imperial
—
| APM avg | 56.4 |
| APM peak | 80 |
| eAPM avg | 22.1 |
| Villagers / military | 69 / 67 |
Focus
⚔️ 44.1% · 🌾 55.9%
Archer ×67
Feudal
8:51
Castle
22:38
Imperial
—
| APM avg | 67.6 |
| APM peak | 117 |
| eAPM avg | 24.7 |
| Villagers / military | 79 / 116 |
Focus
⚔️ 54.2% · 🌾 45.8%
Archer ×116
Match map
Initial resources + every placement click. Lines = walls · curves = elevation contours. ◆ gold · ⬟ stone · ● berries · ✦ relic · ◌ wall gap
Your base· Open — 1t gap
[R1] Pume's base· ✓ Closed at 25:03 · 66t walls · 2 gate(s)
[R1] 12Tirador's base· Open — 1t gap
WS_np1's base· Open — 6t gap
Oni.TaToH's base· Open — 4t gap
羅鈸棒's base· Open — 4t gap
Moneimon's base· ✓ Closed at 23:29 · 44t walls · no gate
愛情的大壞蛋's base· Open — 1t gap
Smoothed initial terrain · ◌ = detected wall gap · hover for details
Inputs per minute
— Nezzar - - [R1] Pume
Build order — Nezzar
First 150 of 240 actions detected
| 0:00 | Create | Villager (Male) |
| 0:01 | Build | House |
| 0:02 | Build | House |
| 0:04 | Create | Villager (Male) |
| 0:11 | Create | Villager (Male) |
| 0:17 | Create | Villager (Male) |
| 1:18 | Create | Villager (Male) |
| 1:41 | Create | Villager (Male) |
| 1:45 | Build | Lumber Camp |
| 2:01 | Create | Villager (Male) |
| 2:16 | Create | Villager (Male) |
| 2:44 | Create | Villager (Male) |
| 3:15 | Create | Villager (Male) |
| 3:16 | Create | Villager (Male) |
| 3:43 | Create | Villager (Male) |
| 3:48 | Build | House |
| 4:35 | Build | Mining Camp |
| 4:47 | Create | Villager (Male) |
| 4:48 | Create | Villager (Male) |
| 5:33 | Research | Loom |
| 5:33 | Research | Loom |
| 6:09 | Research | Feudal Age |
| 7:17 | Build | Barracks |
| 7:44 | Build | House |
| 8:23 | Create | Villager (Male) |
| 8:25 | Age | Feudal Age |
| 8:28 | Build | Archery Range |
| 8:36 | Build | Archery Range |
| 8:38 | Create | Villager (Male) |
| 8:52 | Build | House |
| 8:54 | Build | Palisade Wall |
| 8:55 | Build | Palisade Wall |
| 9:08 | Create | Villager (Male) |
| 9:32 | Create | Archer |
| 9:43 | Create | Villager (Male) |
| 9:48 | Create | Archer |
| 9:49 | Create | Archer |
| 9:55 | Build | Mill |
| 10:06 | Create | Villager (Male) |
| 10:07 | Create | Archer |
| 10:19 | Build | Blacksmith |
| 10:27 | Create | Villager (Male) |
| 10:40 | Build | Palisade Wall |
| 10:41 | Build | Palisade Wall |
| 10:45 | Build | Farm |
| 10:48 | Create | Archer |
| 10:50 | Build | House |
| 10:51 | Build | Palisade Wall |
| 10:55 | Create | Villager (Male) |
| 11:05 | Create | Archer |
| 11:18 | Create | Villager (Male) |
| 11:24 | Build | Palisade Wall |
| 11:28 | Build | House |
| 11:28 | Build | Palisade Wall |
| 11:33 | Create | Archer |
| 11:35 | Create | Villager (Male) |
| 11:41 | Create | Archer |
| 11:55 | Build | House |
| 12:01 | Create | Villager (Male) |
| 12:10 | Create | Archer |
| 12:15 | Build | Farm |
| 12:21 | Create | Villager (Male) |
| 12:34 | Build | Farm |
| 12:37 | Build | Farm |
| 12:44 | Create | Archer |
| 12:56 | Create | Villager (Male) |
| 13:07 | Build | Farm |
| 13:15 | Create | Villager (Male) |
| 13:22 | Build | Farm |
| 13:25 | Create | Archer |
| 13:42 | Research | Fletching |
| 13:43 | Create | Archer |
| 14:02 | Build | Farm |
| 14:03 | Create | Archer |
| 14:09 | Build | Farm |
| 14:10 | Create | Archer |
| 14:15 | Create | Villager (Male) |
| 14:22 | Create | Villager (Male) |
| 14:25 | Create | Archer |
| 14:46 | Build | House |
| 15:06 | Create | Villager (Male) |
| 15:08 | Create | Archer |
| 15:09 | Create | Archer |
| 15:15 | Build | Farm |
| 15:21 | Create | Villager (Male) |
| 15:22 | Create | Archer |
| 15:29 | Build | House |
| 15:30 | Create | Archer |
| 15:44 | Create | Archer |
| 15:56 | Build | Farm |
| 16:01 | Build | Farm |
| 16:02 | Create | Villager (Male) |
| 16:11 | Create | Villager (Male) |
| 16:16 | Build | House |
| 16:17 | Build | Palisade Wall |
| 16:19 | Create | Archer |
| 16:34 | Create | Villager (Male) |
| 16:36 | Build | Farm |
| 16:45 | Create | Archer |
| 17:00 | Create | Villager (Male) |
| 17:18 | Create | Villager (Male) |
| 17:21 | Create | Archer |
| 17:21 | Create | Archer |
| 17:41 | Create | Villager (Male) |
| 17:49 | Build | Market |
| 17:56 | Create | Villager (Male) |
| 18:14 | Create | Archer |
| 18:15 | Create | Archer |
| 18:46 | Build | Watch Tower |
| 18:47 | Build | House |
| 18:49 | Create | Villager (Male) |
| 18:59 | Build | House |
| 19:00 | Create | Villager (Male) |
| 19:04 | Build | Palisade Wall |
| 19:07 | Build | Palisade Wall |
| 19:36 | Build | Lumber Camp |
| 19:52 | Create | Villager (Male) |
| 20:11 | Build | Palisade Wall |
| 20:16 | Build | House |
| 20:18 | Research | Castle Age |
| 20:31 | Create | Archer |
| 20:53 | Build | Farm |
| 20:53 | Build | Farm |
| 20:53 | Build | Farm |
| 21:14 | Research | Gold Mining |
| 21:27 | Create | Archer |
| 21:35 | Create | Villager (Male) |
| 21:37 | Create | Archer |
| 21:50 | Create | Archer |
| 21:52 | Build | House |
| 22:00 | Build | House |
| 22:05 | Create | Archer |
| 22:16 | Create | Villager (Male) |
| 22:18 | Build | Lumber Camp |
| 22:23 | Create | Archer |
| 22:27 | Build | Farm |
| 22:28 | Build | Farm |
| 22:31 | Create | Villager (Male) |
| 22:45 | Build | Farm |
| 22:48 | Build | House |
| 22:48 | Build | Palisade Wall |
| 22:57 | Build | Palisade Gate |
| 22:58 | Build | Palisade Wall |
| 22:58 | Build | Palisade Wall |
| 22:58 | Age | Castle Age |
| 23:00 | Research | Crossbowman (upgrade) |
| 23:03 | Research | Bodkin Arrow |
| 23:12 | Create | Villager (Male) |
| 23:23 | Create | Villager (Male) |
| 23:26 | Create | Archer |
Build order — [R1] Pume
First 150 of 259 actions detected
| 0:00 | Create | Villager (Male) |
| 0:02 | Build | House |
| 0:02 | Create | Villager (Male) |
| 0:03 | Build | House |
| 0:05 | Create | Villager (Male) |
| 0:08 | Create | Villager (Male) |
| 0:10 | Create | Villager (Male) |
| 1:23 | Create | Villager (Male) |
| 2:04 | Build | Lumber Camp |
| 2:21 | Create | Villager (Male) |
| 2:47 | Create | Villager (Male) |
| 2:51 | Create | Villager (Male) |
| 3:07 | Create | Villager (Male) |
| 3:25 | Create | Villager (Male) |
| 3:39 | Build | House |
| 3:40 | Build | House |
| 4:00 | Create | Villager (Male) |
| 4:01 | Create | Villager (Male) |
| 4:21 | Create | Villager (Male) |
| 4:32 | Create | Villager (Male) |
| 4:50 | Create | Villager (Male) |
| 5:08 | Build | Mill |
| 6:01 | Research | Loom |
| 6:14 | Research | Feudal Age |
| 6:33 | Research | Loom |
| 6:50 | Create | Villager (Male) |
| 7:25 | Build | Barracks |
| 7:27 | Build | Barracks |
| 8:25 | Age | Feudal Age |
| 8:28 | Build | Stable |
| 8:37 | Research | Double-Bit Axe |
| 8:45 | Create | Villager (Male) |
| 9:01 | Create | Villager (Male) |
| 9:09 | Create | Scout Cavalry |
| 9:09 | Create | Scout Cavalry |
| 9:15 | Build | House |
| 9:20 | Create | Villager (Male) |
| 9:21 | Create | Scout Cavalry |
| 9:36 | Create | Villager (Male) |
| 9:40 | Create | Villager (Male) |
| 9:42 | Build | House |
| 9:44 | Build | House |
| 9:55 | Create | Villager (Male) |
| 9:57 | Build | Farm |
| 9:58 | Build | Farm |
| 10:09 | Research | Horse Collar |
| 10:19 | Create | Villager (Male) |
| 10:35 | Create | Villager (Male) |
| 10:38 | Build | Farm |
| 10:44 | Build | Palisade Wall |
| 10:47 | Create | Scout Cavalry |
| 10:52 | Create | Villager (Male) |
| 10:54 | Build | Farm |
| 11:07 | Create | Villager (Male) |
| 11:16 | Create | Scout Cavalry |
| 11:23 | Build | Farm |
| 11:37 | Build | Farm |
| 11:40 | Create | Scout Cavalry |
| 11:54 | Create | Villager (Male) |
| 12:05 | Build | Farm |
| 12:13 | Create | Villager (Male) |
| 12:27 | Build | Farm |
| 12:31 | Create | Villager (Male) |
| 12:33 | Build | Farm |
| 12:33 | Build | Farm |
| 12:49 | Create | Villager (Male) |
| 13:00 | Create | Villager (Male) |
| 13:06 | Build | Farm |
| 13:07 | Build | Farm |
| 13:08 | Build | Farm |
| 13:12 | Create | Villager (Male) |
| 13:19 | Create | Scout Cavalry |
| 13:21 | Build | Farm |
| 13:32 | Create | Villager (Male) |
| 13:32 | Create | Villager (Male) |
| 13:34 | Build | House |
| 13:34 | Build | Palisade Wall |
| 13:38 | Build | Palisade Wall |
| 13:43 | Create | Villager (Male) |
| 13:45 | Build | Farm |
| 13:54 | Create | Villager (Male) |
| 13:59 | Build | House |
| 14:02 | Create | Scout Cavalry |
| 14:05 | Build | House |
| 14:12 | Build | Watch Tower |
| 14:14 | Create | Villager (Male) |
| 14:15 | Build | House |
| 14:22 | Build | Palisade Wall |
| 14:31 | Create | Villager (Male) |
| 14:49 | Create | Scout Cavalry |
| 14:59 | Build | House |
| 15:04 | Build | House |
| 15:07 | Build | Palisade Wall |
| 15:08 | Create | Villager (Male) |
| 15:11 | Build | Farm |
| 15:15 | Create | Villager (Male) |
| 15:22 | Create | Villager (Male) |
| 15:25 | Build | Farm |
| 15:25 | Build | Farm |
| 15:29 | Create | Scout Cavalry |
| 15:51 | Create | Scout Cavalry |
| 15:56 | Build | Blacksmith |
| 16:09 | Create | Villager (Male) |
| 16:19 | Create | Scout Cavalry |
| 16:23 | Build | Palisade Wall |
| 16:31 | Create | Villager (Male) |
| 16:35 | Create | Villager (Male) |
| 16:38 | Create | Scout Cavalry |
| 16:43 | Research | Scale Barding Armor |
| 16:47 | Build | Mining Camp |
| 16:52 | Create | Scout Cavalry |
| 16:53 | Create | Villager (Male) |
| 16:58 | Build | Farm |
| 17:03 | Build | Farm |
| 17:06 | Create | Villager (Male) |
| 17:07 | Build | Farm |
| 17:11 | Create | Scout Cavalry |
| 17:15 | Build | Farm |
| 17:37 | Build | Farm |
| 17:37 | Create | Villager (Male) |
| 17:38 | Build | Farm |
| 17:55 | Research | Forging |
| 17:56 | Create | Villager (Male) |
| 17:58 | Build | Farm |
| 18:11 | Build | Farm |
| 18:21 | Build | Palisade Wall |
| 18:26 | Create | Villager (Male) |
| 18:37 | Build | Palisade Gate |
| 18:42 | Research | Bloodlines |
| 18:43 | Create | Villager (Male) |
| 18:54 | Create | Villager (Male) |
| 18:58 | Create | Villager (Male) |
| 19:03 | Build | House |
| 19:04 | Build | Palisade Wall |
| 19:13 | Create | Scout Cavalry |
| 19:14 | Create | Villager (Male) |
| 19:20 | Create | Villager (Male) |
| 19:29 | Build | Farm |
| 19:29 | Build | Farm |
| 19:32 | Research | Wheelbarrow |
| 19:39 | Build | House |
| 19:41 | Build | Palisade Wall |
| 19:42 | Build | Palisade Wall |
| 19:43 | Build | Palisade Wall |
| 19:45 | Build | Palisade Wall |
| 19:58 | Build | House |
| 20:05 | Create | Scout Cavalry |
| 20:25 | Create | Scout Cavalry |
| 20:26 | Create | Villager (Male) |
| 20:30 | Create | Villager (Male) |
Build order — [R1] 12Tirador
First 150 of 273 actions detected
| 0:00 | Create | Villager (Male) |
| 0:00 | Create | Villager (Male) |
| 0:00 | Create | Villager (Male) |
| 0:02 | Build | House |
| 0:03 | Build | House |
| 0:05 | Create | Villager (Male) |
| 1:26 | Create | Villager (Male) |
| 1:52 | Build | Lumber Camp |
| 2:05 | Create | Villager (Male) |
| 2:18 | Create | Villager (Male) |
| 2:45 | Create | Villager (Male) |
| 3:04 | Create | Villager (Male) |
| 3:34 | Create | Villager (Male) |
| 3:44 | Create | Villager (Male) |
| 3:48 | Build | House |
| 4:03 | Create | Villager (Male) |
| 4:23 | Create | Villager (Male) |
| 5:06 | Build | Mill |
| 5:07 | Create | Villager (Male) |
| 5:27 | Build | House |
| 5:37 | Create | Villager (Male) |
| 6:17 | Research | Loom |
| 6:44 | Create | Villager (Male) |
| 6:47 | Research | Feudal Age |
| 7:23 | Create | Villager (Male) |
| 7:50 | Build | Barracks |
| 7:55 | Build | Barracks |
| 8:57 | Age | Feudal Age |
| 8:58 | Build | Stable |
| 9:05 | Create | Villager (Male) |
| 9:14 | Research | Double-Bit Axe |
| 9:17 | Create | Villager (Male) |
| 9:21 | Build | House |
| 9:39 | Create | Scout Cavalry |
| 9:39 | Create | Scout Cavalry |
| 9:39 | Create | Scout Cavalry |
| 9:45 | Create | Scout Cavalry |
| 9:59 | Build | Farm |
| 10:01 | Build | Farm |
| 10:04 | Create | Villager (Male) |
| 10:08 | Build | House |
| 10:10 | Create | Scout Cavalry |
| 10:15 | Create | Villager (Male) |
| 10:22 | Build | Farm |
| 10:28 | Create | Scout Cavalry |
| 10:32 | Create | Villager (Male) |
| 10:36 | Build | Farm |
| 10:44 | Create | Scout Cavalry |
| 10:56 | Create | Scout Cavalry |
| 11:03 | Create | Scout Cavalry |
| 11:05 | Create | Villager (Male) |
| 11:08 | Build | Palisade Gate |
| 11:12 | Create | Scout Cavalry |
| 11:13 | Create | Villager (Male) |
| 11:16 | Create | Scout Cavalry |
| 11:18 | Build | Farm |
| 11:25 | Create | Scout Cavalry |
| 11:28 | Create | Villager (Male) |
| 11:36 | Create | Villager (Male) |
| 11:40 | Build | Farm |
| 11:41 | Build | Farm |
| 11:44 | Build | House |
| 11:50 | Create | Villager (Male) |
| 12:15 | Build | Farm |
| 12:25 | Create | Scout Cavalry |
| 12:31 | Create | Villager (Male) |
| 12:33 | Create | Villager (Male) |
| 12:52 | Create | Scout Cavalry |
| 12:59 | Create | Villager (Male) |
| 13:05 | Build | Blacksmith |
| 13:13 | Create | Villager (Male) |
| 13:15 | Build | Farm |
| 13:26 | Create | Scout Cavalry |
| 13:38 | Build | Palisade Wall |
| 13:42 | Build | Palisade Wall |
| 13:57 | Build | Farm |
| 14:01 | Create | Scout Cavalry |
| 14:10 | Create | Villager (Male) |
| 14:17 | Create | Villager (Male) |
| 14:19 | Build | Farm |
| 14:22 | Build | Farm |
| 14:26 | Research | Town Watch |
| 14:40 | Research | Scale Barding Armor |
| 14:47 | Build | House |
| 14:51 | Create | Villager (Male) |
| 15:10 | Build | House |
| 15:19 | Create | Villager (Male) |
| 15:22 | Build | Farm |
| 15:22 | Build | Farm |
| 15:23 | Build | Farm |
| 15:25 | Build | Farm |
| 15:26 | Build | Farm |
| 15:41 | Create | Villager (Male) |
| 15:47 | Build | Farm |
| 15:49 | Research | Horse Collar |
| 16:03 | Create | Villager (Male) |
| 16:16 | Build | Mining Camp |
| 16:27 | Build | House |
| 16:32 | Build | House |
| 16:32 | Create | Villager (Male) |
| 16:41 | Create | Villager (Male) |
| 17:04 | Create | Villager (Male) |
| 17:05 | Create | Villager (Male) |
| 17:12 | Research | Wheelbarrow |
| 17:30 | Create | Villager (Male) |
| 17:42 | Build | Farm |
| 17:43 | Build | Farm |
| 18:04 | Create | Villager (Male) |
| 18:08 | Create | Villager (Male) |
| 18:40 | Create | Villager (Male) |
| 18:43 | Build | Stable |
| 19:11 | Research | Castle Age |
| 19:21 | Build | Lumber Camp |
| 19:23 | Build | Farm |
| 19:24 | Build | Farm |
| 19:29 | Create | Scout Cavalry |
| 19:40 | Build | Farm |
| 19:42 | Research | Bloodlines |
| 19:42 | Research | Bloodlines |
| 20:00 | Build | Farm |
| 20:02 | Create | Scout Cavalry |
| 20:02 | Create | Scout Cavalry |
| 20:31 | Create | Scout Cavalry ×3 |
| 20:35 | Build | Farm |
| 20:44 | Create | Villager (Male) |
| 20:48 | Create | Scout Cavalry |
| 20:52 | Build | Palisade Gate |
| 20:53 | Build | House |
| 20:55 | Build | House |
| 20:57 | Create | Scout Cavalry |
| 21:23 | Create | Villager (Male) |
| 21:24 | Create | Villager (Male) |
| 21:30 | Create | Scout Cavalry |
| 21:32 | Create | Villager (Male) |
| 21:44 | Create | Scout Cavalry |
| 21:51 | Age | Castle Age |
| 21:52 | Research | Light Cavalry (upgrade) |
| 21:52 | Research | Husbandry |
| 21:53 | Create | Villager (Male) |
| 22:03 | Research | Chain Barding Armor |
| 22:04 | Research | Chain Barding Armor |
| 22:10 | Build | Farm |
| 22:10 | Build | Farm |
| 22:11 | Build | Farm |
| 22:12 | Create | Villager (Male) |
| 22:24 | Build | House |
| 22:33 | Create | Villager (Male) |
| 22:43 | Create | Villager (Male) |
| 22:45 | Create | Villager (Male) |
| 22:46 | Create | Knight ×2 |
Build order — WS_np1
First 150 of 270 actions detected
| 0:01 | Create | Villager (Male) ×4 |
| 0:02 | Create | Villager (Male) ×4 |
| 0:02 | Build | House |
| 0:04 | Build | House |
| 1:30 | Create | Villager (Male) |
| 1:30 | Create | Villager (Male) |
| 1:59 | Create | Villager (Male) |
| 2:00 | Create | Villager (Male) |
| 2:28 | Create | Villager (Male) |
| 2:30 | Create | Villager (Male) |
| 2:41 | Build | Lumber Camp |
| 3:04 | Create | Villager (Male) |
| 3:05 | Create | Villager (Male) |
| 3:32 | Create | Villager (Male) |
| 3:32 | Create | Villager (Male) |
| 3:32 | Create | Villager (Male) |
| 3:57 | Build | House |
| 4:00 | Create | Villager (Male) |
| 4:01 | Create | Villager (Male) |
| 4:01 | Create | Villager (Male) |
| 4:17 | Create | Villager (Male) |
| 4:48 | Create | Villager (Male) |
| 4:48 | Create | Villager (Male) |
| 4:48 | Create | Villager (Male) |
| 4:55 | Build | Mill |
| 6:10 | Research | Loom |
| 6:30 | Research | Feudal Age |
| 7:27 | Build | Lumber Camp |
| 7:33 | Build | Barracks |
| 8:35 | Create | Villager (Male) |
| 8:51 | Age | Feudal Age |
| 8:53 | Build | Stable |
| 8:56 | Research | Double-Bit Axe |
| 9:01 | Research | Horse Collar |
| 9:20 | Build | House |
| 9:21 | Build | Palisade Wall |
| 9:24 | Create | Villager (Male) |
| 9:24 | Create | Villager (Male) |
| 9:31 | Build | Farm |
| 9:44 | Create | Villager (Male) |
| 9:49 | Build | Farm |
| 9:52 | Build | Farm |
| 10:07 | Build | House |
| 10:10 | Build | House |
| 10:12 | Build | Palisade Wall |
| 10:14 | Create | Villager (Male) |
| 10:21 | Create | Scout Cavalry |
| 10:38 | Create | Villager (Male) |
| 10:50 | Build | Mill |
| 10:53 | Create | Scout Cavalry |
| 11:00 | Create | Villager (Male) |
| 11:01 | Build | Farm |
| 11:02 | Build | Farm |
| 11:06 | Build | Palisade Wall |
| 11:21 | Create | Scout Cavalry |
| 11:28 | Create | Villager (Male) |
| 11:28 | Create | Villager (Male) |
| 11:35 | Build | Farm |
| 11:49 | Create | Scout Cavalry |
| 11:54 | Build | Farm |
| 11:55 | Create | Villager (Male) |
| 11:58 | Build | Farm |
| 12:03 | Build | House |
| 12:04 | Build | House |
| 12:10 | Create | Villager (Male) |
| 12:22 | Create | Scout Cavalry |
| 12:25 | Build | Farm |
| 12:28 | Create | Villager (Male) |
| 12:31 | Build | Palisade Wall |
| 12:38 | Create | Villager (Male) |
| 12:52 | Create | Scout Cavalry |
| 13:11 | Research | Bloodlines |
| 13:12 | Research | Bloodlines |
| 13:15 | Build | Blacksmith |
| 13:23 | Create | Scout Cavalry |
| 13:31 | Build | Farm |
| 13:39 | Create | Villager (Male) |
| 13:40 | Create | Villager (Male) |
| 13:48 | Build | Farm |
| 13:56 | Create | Scout Cavalry |
| 13:59 | Create | Villager (Male) |
| 14:03 | Research | Scale Barding Armor |
| 14:11 | Build | Farm |
| 14:12 | Build | Farm |
| 14:19 | Create | Villager (Male) |
| 14:22 | Build | House |
| 14:23 | Build | House |
| 14:40 | Create | Villager (Male) |
| 14:43 | Create | Scout Cavalry |
| 14:56 | Create | Villager (Male) |
| 15:12 | Create | Scout Cavalry |
| 15:12 | Create | Villager (Male) |
| 15:15 | Build | House |
| 15:17 | Build | Palisade Wall |
| 15:19 | Build | Palisade Wall |
| 15:21 | Create | Villager (Male) |
| 15:23 | Build | Mill |
| 15:25 | Build | Farm |
| 15:25 | Build | Farm |
| 15:25 | Build | Farm |
| 15:26 | Build | Farm |
| 15:33 | Create | Scout Cavalry |
| 15:46 | Create | Villager (Male) |
| 15:55 | Build | Mining Camp |
| 15:59 | Build | Farm |
| 16:05 | Build | Palisade Wall |
| 16:09 | Build | Palisade Wall |
| 16:13 | Create | Scout Cavalry |
| 16:39 | Build | Palisade Wall |
| 16:40 | Build | Palisade Wall |
| 16:47 | Build | Palisade Wall |
| 16:48 | Build | Palisade Wall |
| 16:51 | Build | Palisade Wall |
| 16:57 | Build | Palisade Wall |
| 16:58 | Build | Palisade Wall |
| 17:07 | Create | Villager (Male) |
| 17:09 | Create | Villager (Male) |
| 17:12 | Research | Wheelbarrow |
| 17:21 | Research | Forging |
| 17:42 | Create | Villager (Male) |
| 17:53 | Build | Market |
| 18:04 | Build | Palisade Gate |
| 18:17 | Create | Villager (Male) |
| 18:23 | Create | Villager (Male) |
| 18:25 | Build | Farm |
| 18:27 | Build | Farm |
| 18:31 | Build | Palisade Gate |
| 18:42 | Build | House |
| 18:45 | Build | Palisade Wall |
| 19:00 | Build | Palisade Wall |
| 19:05 | Create | Villager (Male) |
| 19:29 | Create | Villager (Male) |
| 19:53 | Research | Castle Age |
| 19:53 | Research | Castle Age |
| 19:54 | Research | Castle Age |
| 20:17 | Build | Mining Camp |
| 20:21 | Build | Stable |
| 20:46 | Create | Scout Cavalry |
| 20:51 | Build | Stable |
| 21:37 | Create | Scout Cavalry |
| 21:37 | Create | Scout Cavalry |
| 21:37 | Create | Scout Cavalry |
| 21:57 | Research | Gold Mining |
| 21:59 | Research | Stone Mining |
| 22:12 | Research | Wheelbarrow |
| 22:13 | Research | Wheelbarrow |
| 22:41 | Build | Palisade Wall |
| 22:42 | Age | Castle Age |
| 22:46 | Research | Light Cavalry (upgrade) |
| 23:01 | Research | Heavy Plow |
Build order — Oni.TaToH
First 150 of 252 actions detected
| 0:01 | Create | Villager (Male) ×4 |
| 0:02 | Build | House |
| 0:04 | Build | House |
| 1:30 | Create | Villager (Male) |
| 2:01 | Create | Villager (Male) |
| 2:16 | Build | Settlement |
| 2:18 | Create | Villager (Male) |
| 2:31 | Create | Villager (Male) |
| 2:56 | Create | Villager (Male) |
| 3:17 | Create | Villager (Male) |
| 3:47 | Create | Villager (Male) |
| 4:26 | Create | Villager (Male) |
| 4:35 | Create | Villager (Male) |
| 5:07 | Create | Villager (Male) |
| 5:15 | Build | Settlement |
| 5:27 | Create | Villager (Male) |
| 6:16 | Research | Loom |
| 6:42 | Research | Feudal Age |
| 6:43 | Research | Feudal Age |
| 6:46 | Build | House |
| 6:48 | Build | Palisade Wall |
| 7:08 | Build | Outpost |
| 7:24 | Build | Farm |
| 7:28 | Build | Outpost |
| 7:44 | Create | Villager (Male) |
| 8:14 | Build | Palisade Wall |
| 8:14 | Build | Palisade Wall |
| 8:29 | Build | Settlement |
| 8:40 | Build | Palisade Wall |
| 8:52 | Age | Feudal Age |
| 8:55 | Create | Villager (Male) |
| 8:57 | Create | Spearman |
| 8:58 | Create | Spearman |
| 9:04 | Research | Double-Bit Axe |
| 9:04 | Research | Double-Bit Axe |
| 9:11 | Create | Villager (Male) |
| 9:18 | Build | House |
| 9:35 | Create | Villager (Male) |
| 9:36 | Build | Farm |
| 9:44 | Create | Skirmisher |
| 9:44 | Create | Skirmisher |
| 9:54 | Create | Villager (Male) |
| 9:57 | Build | Palisade Wall |
| 10:10 | Build | Palisade Wall |
| 10:17 | Build | Palisade Wall |
| 10:19 | Build | Palisade Wall |
| 10:24 | Create | Villager (Male) |
| 10:25 | Create | Skirmisher |
| 10:38 | Build | Farm |
| 10:45 | Create | Villager (Male) |
| 10:48 | Create | Skirmisher |
| 11:03 | Build | Farm |
| 11:08 | Create | Skirmisher |
| 11:09 | Create | Villager (Male) |
| 11:27 | Build | Farm |
| 11:31 | Create | Villager (Male) |
| 11:32 | Create | Skirmisher |
| 11:55 | Create | Spearman |
| 11:55 | Create | Skirmisher |
| 12:06 | Build | House |
| 12:20 | Build | Blacksmith |
| 12:23 | Create | Villager (Male) |
| 12:25 | Create | Skirmisher |
| 12:26 | Create | Skirmisher |
| 12:26 | Create | Skirmisher |
| 12:34 | Create | Spearman |
| 12:43 | Research | Town Watch |
| 12:45 | Build | Farm |
| 12:49 | Build | Farm |
| 12:58 | Create | Villager (Male) |
| 13:11 | Build | Farm |
| 13:17 | Create | Skirmisher |
| 13:34 | Research | Fletching |
| 13:36 | Create | Villager (Male) |
| 13:40 | Build | Farm |
| 14:03 | Research | Padded Archer Armor |
| 14:05 | Build | Farm |
| 14:16 | Create | Villager (Male) |
| 14:17 | Build | Farm |
| 14:18 | Build | Farm |
| 14:27 | Create | Skirmisher |
| 14:27 | Create | Spearman |
| 14:28 | Create | Skirmisher |
| 14:28 | Create | Spearman |
| 14:30 | Build | House |
| 14:46 | Create | Villager (Male) |
| 15:13 | Create | Villager (Male) |
| 15:17 | Create | Villager (Male) |
| 15:19 | Build | Farm |
| 15:22 | Create | Skirmisher |
| 15:22 | Create | Skirmisher |
| 15:22 | Create | Spearman |
| 15:26 | Build | Farm |
| 15:27 | Build | Farm |
| 15:29 | Build | House |
| 15:30 | Build | House |
| 15:38 | Build | Farm |
| 15:42 | Create | Spearman |
| 15:49 | Create | Skirmisher |
| 15:50 | Create | Skirmisher |
| 15:50 | Create | Skirmisher |
| 16:12 | Create | Villager (Male) |
| 16:13 | Build | Farm |
| 16:14 | Build | Farm |
| 16:25 | Create | Villager (Male) |
| 16:31 | Build | Farm |
| 16:52 | Research | Wheelbarrow |
| 17:22 | Create | Villager (Male) |
| 17:55 | Build | Market |
| 18:48 | Research | Castle Age |
| 18:56 | Research | Scale Mail Armor |
| 19:01 | Create | Skirmisher |
| 19:01 | Create | Skirmisher |
| 19:01 | Create | Skirmisher |
| 19:29 | Create | Spearman |
| 19:30 | Create | Skirmisher |
| 19:31 | Create | Skirmisher |
| 19:31 | Create | Skirmisher |
| 19:35 | Build | House |
| 19:37 | Build | House |
| 19:52 | Research | Horse Collar |
| 19:55 | Research | Gold Mining |
| 20:30 | Create | Skirmisher |
| 20:31 | Create | Spearman |
| 20:39 | Build | Farm |
| 20:50 | Create | Villager (Male) |
| 20:52 | Create | Skirmisher |
| 20:53 | Create | Spearman |
| 21:28 | Age | Castle Age |
| 21:30 | Research | Bodkin Arrow |
| 21:31 | Create | Villager (Male) |
| 21:42 | Research | Elite Skirmisher (upgrade) |
| 21:48 | Create | Skirmisher |
| 21:48 | Create | Skirmisher |
| 21:51 | Research | Bow Saw |
| 21:58 | Create | Villager (Male) |
| 21:59 | Build | Farm |
| 22:04 | Build | Settlement |
| 22:22 | Research | Pikeman (upgrade) |
| 22:24 | Create | Skirmisher |
| 22:25 | Create | Spearman |
| 22:25 | Create | Skirmisher |
| 22:25 | Create | Spearman |
| 22:25 | Create | Skirmisher |
| 22:27 | Create | Villager (Male) |
| 22:53 | Create | Skirmisher |
| 23:06 | Create | Villager (Male) |
| 23:14 | Build | University |
| 23:26 | Create | Skirmisher |
| 23:26 | Create | Skirmisher |
Build order — 羅鈸棒
First 150 of 286 actions detected
| 0:01 | Create | Villager (Male) |
| 0:03 | Build | House |
| 0:05 | Build | House |
| 0:13 | Create | Villager (Male) |
| 0:13 | Create | Villager (Male) |
| 0:27 | Create | Villager (Male) |
| 0:27 | Create | Villager (Male) |
| 1:29 | Create | Villager (Male) |
| 1:29 | Create | Villager (Male) |
| 1:50 | Build | Lumber Camp |
| 2:01 | Create | Villager (Male) |
| 2:01 | Create | Villager (Male) |
| 2:01 | Create | Villager (Male) |
| 2:18 | Create | Villager (Male) |
| 2:18 | Create | Villager (Male) |
| 2:19 | Create | Villager (Male) |
| 2:52 | Create | Villager (Male) |
| 2:52 | Create | Villager (Male) |
| 3:14 | Create | Villager (Male) |
| 3:46 | Create | Villager (Male) |
| 3:46 | Create | Villager (Male) |
| 3:46 | Create | Villager (Male) |
| 4:09 | Build | House |
| 4:49 | Create | Villager (Male) |
| 4:50 | Create | Villager (Male) |
| 5:08 | Create | Villager (Male) |
| 5:08 | Create | Villager (Male) |
| 5:15 | Create | Villager (Male) |
| 5:15 | Create | Villager (Male) |
| 5:15 | Create | Villager (Male) |
| 5:17 | Create | Villager (Male) |
| 5:17 | Create | Villager (Male) |
| 5:17 | Create | Villager (Male) |
| 5:31 | Create | Villager (Male) |
| 6:00 | Research | Loom |
| 6:31 | Research | Feudal Age |
| 6:31 | Research | Feudal Age |
| 6:32 | Research | Feudal Age |
| 7:05 | Build | House |
| 7:21 | Create | Villager (Male) |
| 8:07 | Build | Mill |
| 8:13 | Build | Mill |
| 8:22 | Create | Villager (Male) |
| 8:39 | Build | Palisade Wall |
| 8:41 | Age | Feudal Age |
| 8:46 | Create | Villager (Male) |
| 8:49 | Research | Double-Bit Axe |
| 8:50 | Research | Horse Collar |
| 8:54 | Build | Stable |
| 8:55 | Create | Villager (Male) |
| 9:09 | Create | Villager (Male) |
| 9:26 | Build | Farm |
| 9:36 | Create | Villager (Male) |
| 9:40 | Create | Scout Cavalry |
| 9:40 | Create | Scout Cavalry |
| 9:44 | Build | Farm |
| 9:46 | Build | Farm |
| 9:51 | Create | Villager (Male) |
| 10:08 | Build | Farm |
| 10:15 | Build | House |
| 10:21 | Create | Scout Cavalry |
| 10:21 | Create | Scout Cavalry |
| 10:21 | Create | Scout Cavalry |
| 10:25 | Build | Farm |
| 10:43 | Build | Farm |
| 10:45 | Create | Villager (Male) |
| 10:47 | Build | Farm |
| 10:59 | Create | Villager (Male) |
| 11:17 | Build | House |
| 11:18 | Create | Villager (Male) |
| 11:21 | Build | Farm |
| 11:28 | Create | Scout Cavalry |
| 11:28 | Create | Scout Cavalry |
| 11:28 | Create | Scout Cavalry |
| 11:29 | Build | Farm |
| 11:44 | Create | Villager (Male) |
| 11:47 | Build | Farm |
| 11:55 | Create | Villager (Male) |
| 11:58 | Build | Palisade Wall |
| 12:03 | Build | Palisade Wall |
| 12:06 | Create | Villager (Male) |
| 12:09 | Build | Palisade Wall |
| 12:12 | Build | Palisade Wall |
| 12:15 | Build | House |
| 12:17 | Build | House |
| 12:20 | Create | Villager (Male) |
| 12:30 | Build | Palisade Wall |
| 12:32 | Create | Villager (Male) |
| 12:52 | Create | Villager (Male) |
| 13:10 | Create | Villager (Male) |
| 13:21 | Build | Palisade Wall |
| 13:28 | Create | Villager (Male) |
| 13:38 | Create | Villager (Male) |
| 13:42 | Create | Scout Cavalry |
| 13:42 | Create | Scout Cavalry |
| 13:42 | Create | Scout Cavalry |
| 13:42 | Create | Scout Cavalry |
| 13:49 | Build | Palisade Wall |
| 13:58 | Create | Villager (Male) |
| 14:08 | Create | Villager (Male) |
| 14:21 | Build | Farm |
| 14:26 | Create | Villager (Male) |
| 14:30 | Create | Scout Cavalry |
| 14:43 | Create | Villager (Male) |
| 15:18 | Create | Villager (Male) |
| 15:22 | Build | Farm |
| 15:22 | Build | Farm |
| 15:22 | Build | Farm |
| 15:23 | Build | Farm |
| 15:24 | Create | Scout Cavalry |
| 15:24 | Create | Scout Cavalry |
| 15:28 | Create | Villager (Male) |
| 15:33 | Build | Blacksmith |
| 15:46 | Create | Villager (Male) |
| 15:51 | Build | Farm |
| 15:51 | Build | Farm |
| 15:55 | Create | Scout Cavalry |
| 15:55 | Create | Scout Cavalry |
| 16:08 | Build | Farm |
| 16:09 | Create | Villager (Male) |
| 16:15 | Create | Villager (Male) |
| 16:17 | Build | Farm |
| 16:20 | Build | Farm |
| 16:33 | Create | Scout Cavalry |
| 16:33 | Create | Scout Cavalry |
| 16:37 | Build | Mining Camp |
| 16:39 | Research | Forging |
| 16:40 | Research | Forging |
| 16:52 | Create | Villager (Male) |
| 17:01 | Build | House |
| 17:05 | Build | House |
| 17:14 | Create | Villager (Male) |
| 17:18 | Build | Farm |
| 17:20 | Create | Villager (Male) |
| 17:29 | Create | Scout Cavalry |
| 17:30 | Create | Scout Cavalry |
| 17:34 | Build | House |
| 17:39 | Create | Scout Cavalry |
| 17:46 | Build | Stable |
| 17:59 | Create | Villager (Male) |
| 18:10 | Research | Scale Barding Armor |
| 18:12 | Create | Villager (Male) |
| 18:20 | Create | Scout Cavalry |
| 18:29 | Build | Lumber Camp |
| 18:43 | Research | Bloodlines |
| 18:43 | Create | Scout Cavalry |
| 18:54 | Create | Villager (Male) |
| 18:55 | Create | Scout Cavalry |
| 18:55 | Create | Scout Cavalry |
| 19:02 | Create | Villager (Male) |
Build order — Moneimon
First 150 of 250 actions detected
| 0:00 | Create | Villager (Male) |
| 0:00 | Create | Villager (Male) |
| 0:02 | Build | House |
| 0:02 | Build | House |
| 0:13 | Create | Villager (Male) |
| 0:13 | Create | Villager (Male) |
| 1:22 | Create | Villager (Male) |
| 1:33 | Build | Lumber Camp |
| 1:55 | Create | Villager (Male) |
| 2:21 | Create | Villager (Male) |
| 2:46 | Create | Villager (Male) |
| 2:46 | Create | Villager (Male) |
| 3:02 | Create | Villager (Male) |
| 3:02 | Create | Villager (Male) |
| 3:14 | Create | Villager (Male) |
| 3:17 | Build | House |
| 3:39 | Create | Villager (Male) |
| 4:06 | Create | Villager (Male) |
| 4:50 | Create | Villager (Male) |
| 5:12 | Build | Mining Camp |
| 5:14 | Create | Villager (Male) |
| 5:16 | Research | Loom |
| 6:10 | Build | Palisade Wall |
| 6:20 | Build | Palisade Wall |
| 6:24 | Research | Feudal Age |
| 6:50 | Build | House |
| 7:23 | Build | Barracks |
| 7:39 | Build | Palisade Wall |
| 8:27 | Create | Villager (Male) |
| 8:34 | Age | Feudal Age |
| 8:37 | Build | Archery Range |
| 8:41 | Create | Villager (Male) |
| 8:49 | Create | Villager (Male) |
| 8:55 | Build | Archery Range |
| 9:02 | Create | Villager (Male) |
| 9:29 | Build | Blacksmith |
| 9:41 | Create | Villager (Male) |
| 9:45 | Create | Archer |
| 9:55 | Create | Archer |
| 9:59 | Build | House |
| 10:01 | Create | Villager (Male) |
| 10:04 | Build | Palisade Wall |
| 10:23 | Build | House |
| 10:25 | Create | Archer |
| 10:35 | Create | Archer |
| 10:42 | Create | Villager (Male) |
| 10:48 | Build | Palisade Wall |
| 10:52 | Create | Archer |
| 10:59 | Create | Villager (Male) |
| 11:19 | Create | Villager (Male) |
| 11:22 | Build | Mill |
| 11:26 | Create | Archer |
| 11:31 | Build | House |
| 11:35 | Create | Archer |
| 11:44 | Create | Archer |
| 11:56 | Create | Archer |
| 12:08 | Research | Fletching |
| 12:11 | Build | Watch Tower |
| 12:24 | Create | Villager (Male) |
| 12:30 | Build | House |
| 12:48 | Build | Farm |
| 12:50 | Create | Archer |
| 12:53 | Build | House |
| 12:55 | Create | Villager (Male) |
| 13:03 | Build | Farm |
| 13:07 | Create | Archer |
| 13:24 | Build | Palisade Wall |
| 13:29 | Build | Palisade Wall |
| 13:31 | Create | Villager (Male) |
| 13:34 | Build | Farm |
| 13:52 | Create | Archer |
| 13:58 | Create | Villager (Male) |
| 14:06 | Create | Archer |
| 14:06 | Create | Archer |
| 14:20 | Build | Farm |
| 14:21 | Create | Villager (Male) |
| 14:31 | Create | Archer |
| 14:44 | Build | Palisade Wall |
| 14:47 | Build | House |
| 14:48 | Build | Palisade Wall |
| 14:53 | Build | Palisade Wall |
| 15:19 | Create | Archer |
| 15:23 | Create | Archer |
| 15:23 | Create | Archer |
| 15:40 | Create | Archer |
| 15:40 | Create | Villager (Male) |
| 15:42 | Build | Farm |
| 15:44 | Build | Farm |
| 15:48 | Create | Archer |
| 15:54 | Research | Padded Archer Armor |
| 16:06 | Create | Villager (Male) |
| 16:08 | Build | Farm |
| 16:20 | Build | Farm |
| 16:30 | Create | Archer |
| 16:35 | Create | Villager (Male) |
| 16:35 | Create | Villager (Male) |
| 16:36 | Create | Villager (Male) |
| 16:36 | Create | Villager (Male) |
| 16:41 | Build | Farm |
| 16:42 | Create | Archer |
| 17:01 | Build | Farm |
| 17:05 | Create | Archer |
| 17:26 | Create | Villager (Male) |
| 17:28 | Build | Farm |
| 17:29 | Create | Archer |
| 17:52 | Create | Archer |
| 17:53 | Create | Villager (Male) |
| 18:11 | Create | Archer |
| 18:11 | Create | Archer |
| 18:22 | Build | Farm |
| 18:28 | Build | House |
| 18:30 | Build | House |
| 18:43 | Build | Farm |
| 18:43 | Create | Villager (Male) |
| 18:52 | Create | Villager (Male) |
| 18:53 | Create | Archer |
| 18:53 | Create | Archer |
| 18:54 | Create | Villager (Male) |
| 19:23 | Build | Market |
| 19:28 | Build | House |
| 19:30 | Create | Archer |
| 19:43 | Create | Archer |
| 19:53 | Build | House |
| 19:54 | Build | Palisade Wall |
| 19:57 | Build | House |
| 19:58 | Build | House |
| 20:04 | Build | House |
| 20:25 | Build | Palisade Wall |
| 20:31 | Build | House |
| 20:43 | Build | Farm |
| 20:49 | Research | Castle Age |
| 20:50 | Create | Archer |
| 20:58 | Create | Villager (Male) |
| 21:08 | Create | Villager (Male) |
| 21:20 | Create | Archer |
| 21:21 | Create | Archer |
| 21:45 | Create | Villager (Male) |
| 21:49 | Build | Lumber Camp |
| 21:54 | Create | Archer |
| 21:58 | Build | Farm |
| 21:59 | Build | House |
| 22:04 | Research | Horse Collar |
| 22:19 | Build | House |
| 22:29 | Create | Archer |
| 22:33 | Research | Double-Bit Axe |
| 22:46 | Build | House |
| 22:51 | Create | Archer |
| 23:01 | Create | Villager (Male) |
| 23:05 | Create | Archer |
| 23:29 | Age | Castle Age |
Build order — 愛情的大壞蛋
First 150 of 281 actions detected
| 0:01 | Research | Loom |
| 0:02 | Build | House |
| 0:03 | Build | House |
| 0:07 | Create | Villager (Male) |
| 0:07 | Create | Villager (Male) |
| 0:10 | Create | Villager (Male) |
| 0:11 | Create | Villager (Male) |
| 1:34 | Create | Villager (Male) |
| 1:35 | Create | Villager (Male) |
| 1:35 | Create | Villager (Male) |
| 2:00 | Create | Villager (Male) |
| 2:00 | Create | Villager (Male) |
| 2:00 | Create | Villager (Male) |
| 2:17 | Build | Lumber Camp |
| 2:27 | Create | Villager (Male) |
| 2:27 | Create | Villager (Male) |
| 2:54 | Create | Villager (Male) |
| 2:54 | Create | Villager (Male) |
| 2:54 | Create | Villager (Male) |
| 3:22 | Create | Villager (Male) |
| 3:22 | Create | Villager (Male) |
| 3:22 | Create | Villager (Male) |
| 3:47 | Create | Villager (Male) |
| 3:47 | Create | Villager (Male) |
| 3:51 | Build | House |
| 3:54 | Build | House |
| 4:19 | Create | Villager (Male) |
| 4:19 | Create | Villager (Male) |
| 4:19 | Create | Villager (Male) |
| 4:45 | Build | Mining Camp |
| 4:54 | Create | Villager (Male) |
| 4:54 | Create | Villager (Male) |
| 5:06 | Create | Villager (Male) |
| 5:06 | Create | Villager (Male) |
| 6:38 | Research | Feudal Age |
| 7:24 | Build | Barracks |
| 7:31 | Create | Villager (Male) |
| 7:46 | Create | Villager (Male) |
| 8:05 | Create | Villager (Male) |
| 8:51 | Age | Feudal Age |
| 9:09 | Build | Archery Range |
| 9:15 | Build | Archery Range |
| 9:17 | Research | Double-Bit Axe |
| 9:18 | Research | Double-Bit Axe |
| 9:27 | Build | Palisade Wall |
| 9:27 | Build | Palisade Wall |
| 9:39 | Build | House |
| 9:46 | Create | Villager (Male) |
| 10:05 | Build | House |
| 10:11 | Build | Mill |
| 10:12 | Create | Archer |
| 10:13 | Create | Archer |
| 10:13 | Create | Archer |
| 10:23 | Create | Villager (Male) |
| 10:31 | Create | Archer |
| 10:32 | Create | Villager (Male) |
| 10:35 | Build | House |
| 10:48 | Create | Archer |
| 11:03 | Create | Villager (Male) |
| 11:09 | Build | Blacksmith |
| 11:18 | Create | Archer |
| 11:19 | Create | Archer |
| 11:22 | Create | Villager (Male) |
| 11:37 | Build | Farm |
| 11:42 | Build | House |
| 11:46 | Create | Archer |
| 11:46 | Create | Archer |
| 11:50 | Create | Archer |
| 11:50 | Create | Archer |
| 11:58 | Research | Fletching |
| 11:58 | Research | Fletching |
| 11:59 | Research | Fletching |
| 12:02 | Build | House |
| 12:18 | Build | Farm |
| 12:18 | Create | Villager (Male) |
| 12:18 | Create | Villager (Male) |
| 12:19 | Create | Villager (Male) |
| 12:28 | Create | Archer |
| 12:28 | Create | Archer |
| 12:28 | Create | Archer |
| 12:37 | Build | House |
| 12:53 | Build | Farm |
| 12:58 | Create | Archer |
| 12:58 | Create | Archer |
| 13:08 | Create | Villager (Male) |
| 13:14 | Create | Archer |
| 13:14 | Create | Archer |
| 13:15 | Create | Archer |
| 13:16 | Build | Farm |
| 13:19 | Build | House |
| 13:31 | Build | House |
| 13:37 | Build | House |
| 13:40 | Create | Archer |
| 13:40 | Create | Archer |
| 13:42 | Create | Villager (Male) |
| 13:42 | Create | Villager (Male) |
| 13:42 | Create | Villager (Male) |
| 13:46 | Build | Farm |
| 13:56 | Create | Archer |
| 14:00 | Build | House |
| 14:01 | Build | House |
| 14:07 | Build | Palisade Wall |
| 14:12 | Create | Villager (Male) |
| 14:12 | Create | Villager (Male) |
| 14:13 | Create | Archer |
| 14:13 | Create | Archer |
| 14:18 | Build | Palisade Gate |
| 14:20 | Build | Palisade Wall |
| 14:26 | Create | Villager (Male) |
| 14:26 | Create | Villager (Male) |
| 14:27 | Create | Villager (Male) |
| 14:32 | Build | Farm |
| 14:45 | Create | Archer |
| 14:53 | Create | Villager (Male) |
| 14:53 | Create | Villager (Male) |
| 14:55 | Build | Farm |
| 15:00 | Create | Archer |
| 15:01 | Create | Archer |
| 15:15 | Create | Villager (Male) |
| 15:20 | Build | House |
| 15:27 | Build | Palisade Gate |
| 15:29 | Create | Villager (Male) |
| 15:30 | Create | Villager (Male) |
| 15:30 | Create | Archer |
| 15:30 | Create | Archer |
| 15:52 | Create | Villager (Male) |
| 15:52 | Create | Villager (Male) |
| 16:01 | Create | Archer |
| 16:02 | Create | Archer |
| 16:13 | Build | Farm |
| 16:13 | Build | Farm |
| 16:15 | Build | Farm |
| 16:17 | Create | Villager (Male) |
| 16:20 | Create | Archer |
| 16:21 | Create | Archer |
| 16:21 | Create | Archer |
| 16:46 | Create | Villager (Male) |
| 16:48 | Build | Farm |
| 16:50 | Create | Villager (Male) |
| 16:51 | Create | Villager (Male) |
| 16:51 | Create | Archer |
| 16:52 | Create | Archer |
| 17:32 | Create | Villager (Male) |
| 17:33 | Create | Archer |
| 17:33 | Create | Archer |
| 17:35 | Build | Farm |
| 17:36 | Build | Farm |
| 17:47 | Create | Archer |
| 17:47 | Create | Archer |
| 17:54 | Create | Villager (Male) |
Match timeline
| 6:10 | Moneimon · wall_segment Palisade Wall x1 |
| 6:20 | Moneimon · wall_segment Palisade Wall x1 |
| 6:48 | Oni.TaToH · wall_segment Palisade Wall x6 |
| 7:17 | Nezzar · first_building Barracks |
| 7:23 | Moneimon · first_building Barracks |
| 7:24 | 愛情的大壞蛋 · first_building Barracks |
| 7:25 | [R1] Pume · first_building Barracks |
| 7:33 | WS_np1 · first_building Barracks |
| 7:39 | Moneimon · wall_segment Palisade Wall x1 |
| 7:50 | [R1] 12Tirador · first_building Barracks |
| 8:14 | Oni.TaToH · wall_segment Palisade Wall x1 |
| 8:14 | Oni.TaToH · wall_segment Palisade Wall x1 |
| 8:25 | [R1] Pume · age_up feudal |
| 8:25 | Nezzar · age_up feudal |
| 8:28 | [R1] Pume · first_building Stable |
| 8:28 | Nezzar · first_building Archery Range |
| 8:34 | Moneimon · age_up feudal |
| 8:37 | Moneimon · first_building Archery Range |
| 8:39 | 羅鈸棒 · wall_segment Palisade Wall x5 |
| 8:40 | Oni.TaToH · wall_segment Palisade Wall x4 |
| 8:41 | 羅鈸棒 · age_up feudal |
| 8:51 | 愛情的大壞蛋 · age_up feudal |
| 8:51 | WS_np1 · age_up feudal |
| 8:52 | Oni.TaToH · age_up feudal |
| 8:53 | WS_np1 · first_building Stable |
| 8:54 | 羅鈸棒 · first_building Stable |
| 8:54 | Nezzar · wall_segment Palisade Wall x1 |
| 8:55 | Nezzar · wall_segment Palisade Wall x1 |
| 8:57 | [R1] 12Tirador · age_up feudal |
| 8:58 | [R1] 12Tirador · first_building Stable |
| 9:09 | 愛情的大壞蛋 · first_building Archery Range |
| 9:21 | WS_np1 · wall_segment Palisade Wall x1 |
| 9:27 | 愛情的大壞蛋 · wall_segment Palisade Wall x1 |
| 9:27 | 愛情的大壞蛋 · wall_segment Palisade Wall x1 |
| 9:57 | Oni.TaToH · wall_segment Palisade Wall x9 |
| 10:04 | Moneimon · wall_segment Palisade Wall x9 |
| 10:10 | Oni.TaToH · wall_segment Palisade Wall x1 |
| 10:12 | WS_np1 · wall_segment Palisade Wall x1 |
| 10:17 | Oni.TaToH · wall_segment Palisade Wall x4 |
| 10:19 | Oni.TaToH · wall_segment Palisade Wall x10 |
| 10:40 | Nezzar · wall_segment Palisade Wall x1 |
| 10:41 | Nezzar · wall_segment Palisade Wall x1 |
| 10:44 | [R1] Pume · wall_segment Palisade Wall x9 |
| 10:48 | Moneimon · wall_segment Palisade Wall x4 |
| 10:51 | Nezzar · wall_segment Palisade Wall x7 |
| 11:06 | WS_np1 · wall_segment Palisade Wall x5 |
| 11:24 | Nezzar · wall_segment Palisade Wall x1 |
| 11:28 | Nezzar · wall_segment Palisade Wall x5 |
| 11:58 | 羅鈸棒 · wall_segment Palisade Wall x1 |
| 12:03 | 羅鈸棒 · wall_segment Palisade Wall x1 |
| 12:09 | 羅鈸棒 · wall_segment Palisade Wall x1 |
| 12:12 | 羅鈸棒 · wall_segment Palisade Wall x1 |
| 12:30 | 羅鈸棒 · wall_segment Palisade Wall x1 |
| 12:31 | WS_np1 · wall_segment Palisade Wall x5 |
| 13:21 | 羅鈸棒 · wall_segment Palisade Wall x1 |
| 13:24 | Moneimon · wall_segment Palisade Wall x19 |
| 13:29 | Moneimon · wall_segment Palisade Wall x10 |
| 13:34 | [R1] Pume · wall_segment Palisade Wall x4 |
| 13:38 | [R1] 12Tirador · wall_segment Palisade Wall x14 |
| 13:38 | [R1] Pume · wall_segment Palisade Wall x7 |
| 13:42 | [R1] 12Tirador · wall_segment Palisade Wall x26 |
| 13:49 | 羅鈸棒 · wall_segment Palisade Wall x2 |
| 14:07 | 愛情的大壞蛋 · wall_segment Palisade Wall x13 |
| 14:20 | 愛情的大壞蛋 · wall_segment Palisade Wall x3 |
| 14:22 | [R1] Pume · wall_segment Palisade Wall x1 |
| 14:44 | Moneimon · wall_segment Palisade Wall x1 |
| 14:48 | Moneimon · wall_segment Palisade Wall x1 |
| 14:53 | Moneimon · wall_segment Palisade Wall x1 |
| 15:07 | [R1] Pume · wall_segment Palisade Wall x1 |
| 15:17 | WS_np1 · wall_segment Palisade Wall x12 |
| 15:19 | WS_np1 · wall_segment Palisade Wall x1 |
| 16:05 | WS_np1 · wall_segment Palisade Wall x5 |
| 16:09 | WS_np1 · wall_segment Palisade Wall x6 |
| 16:17 | Nezzar · wall_segment Palisade Wall x7 |
| 16:23 | [R1] Pume · wall_segment Palisade Wall x1 |
| 16:39 | WS_np1 · wall_segment Palisade Wall x1 |
| 16:40 | WS_np1 · wall_segment Palisade Wall x1 |
| 16:47 | WS_np1 · wall_segment Palisade Wall x1 |
| 16:48 | WS_np1 · wall_segment Palisade Wall x1 |
| 16:51 | WS_np1 · wall_segment Palisade Wall x1 |
| 16:57 | WS_np1 · wall_segment Palisade Wall x1 |
| 16:58 | WS_np1 · wall_segment Palisade Wall x1 |
| 18:21 | [R1] Pume · wall_segment Palisade Wall x11 |
| 18:37 | Oni.TaToH · first_market_sell 100 wood |
| 18:40 | Oni.TaToH · first_market_buy 100 food |
| 18:45 | WS_np1 · wall_segment Palisade Wall x9 |
| 18:49 | Nezzar · first_market_buy 100 food |
| 19:00 | WS_np1 · wall_segment Palisade Wall x3 |
| 19:04 | [R1] Pume · wall_segment Palisade Wall x10 |
| 19:04 | Nezzar · wall_segment Palisade Wall x1 |
| 19:07 | Nezzar · wall_segment Palisade Wall x1 |
| 19:35 | 羅鈸棒 · wall_segment Palisade Wall x2 |
| 19:38 | 羅鈸棒 · wall_segment Palisade Wall x1 |
| 19:41 | [R1] Pume · wall_segment Palisade Wall x1 |
| 19:42 | [R1] Pume · wall_segment Palisade Wall x1 |
| 19:43 | [R1] Pume · wall_segment Palisade Wall x3 |
| 19:45 | [R1] Pume · wall_segment Palisade Wall x17 |
| 19:54 | Moneimon · wall_segment Palisade Wall x1 |
| 19:55 | 羅鈸棒 · wall_segment Palisade Wall x2 |
| 19:56 | 羅鈸棒 · wall_segment Palisade Wall x3 |
| 20:03 | Nezzar · first_market_sell 100 wood |
| 20:11 | Nezzar · wall_segment Palisade Wall x1 |
| 20:11 | 羅鈸棒 · wall_segment Palisade Wall x1 |
| 20:25 | Moneimon · wall_segment Palisade Wall x1 |
| 21:28 | Oni.TaToH · age_up castle |
| 21:51 | [R1] 12Tirador · age_up castle |
| 22:38 | 愛情的大壞蛋 · age_up castle |
| 22:41 | WS_np1 · wall_segment Palisade Wall x1 |
| 22:42 | WS_np1 · age_up castle |
| 22:48 | Nezzar · wall_segment Palisade Wall x1 |
| 22:58 | Nezzar · wall_segment Palisade Wall x1 |
| 22:58 | Nezzar · wall_segment Palisade Wall x1 |
| 22:58 | Nezzar · age_up castle |
| 23:29 | Moneimon · age_up castle |
| 23:39 | Nezzar · first_building Siege Workshop |
| 24:23 | 羅鈸棒 · wall_segment Palisade Wall x8 |
| 24:29 | [R1] Pume · first_market_buy 100 wood |
| 24:33 | 羅鈸棒 · wall_segment Palisade Wall x4 |
| 24:33 | Moneimon · first_market_sell 100 food |
| 24:34 | 羅鈸棒 · wall_segment Palisade Wall x5 |
| 24:35 | 羅鈸棒 · wall_segment Palisade Wall x3 |
| 24:38 | 愛情的大壞蛋 · first_market_buy 100 wood |
| 24:41 | 羅鈸棒 · wall_segment Palisade Wall x5 |
| 24:45 | 羅鈸棒 · wall_segment Palisade Wall x3 |
| 24:58 | 羅鈸棒 · wall_segment Palisade Wall x1 |
| 25:03 | [R1] Pume · age_up castle |
| 25:04 | 羅鈸棒 · wall_segment Palisade Wall x12 |
| 25:31 | Moneimon · first_market_buy 100 wood |
| 26:16 | 羅鈸棒 · age_up castle |
| 26:40 | WS_np1 · first_building Castle |
| 28:14 | 羅鈸棒 · wall_segment Palisade Wall x1 |
| 28:57 | 羅鈸棒 · wall_segment Palisade Wall x1 |
| 28:59 | WS_np1 · wall_segment Palisade Wall x1 |
| 30:14 | WS_np1 · wall_segment Palisade Wall x1 |
| 30:41 | Nezzar · resign |
[ AI ANALYSIS · 1 CREDIT ]
What really happened in this match?
Wolo.gg analyzes every decision: build order, eco, micro, common mistakes by bracket. Personalized analysis on WhatsApp or Discord in 30 seconds.
Civ guide
Britons
Perfil
Jugador #2274841